 Dungeon Crawl Stone Soup version 0.23.2-1-ga50397a6bc (webtiles) character file.

Game seed: 13201404126500990737

3068 Gargoyl the Agent of Entropy (level 9, -1/72 HPs)
             Began as a Centaur Abyssal Knight on May 29, 2019.
             Was a Priest of Lugonu.
             Slain by Psyche
             ... wielding a +4 dagger of distortion
              (19 damage)
             ... on level 8 of the Dungeon on May 30, 2019.
             The game lasted 00:19:19 (7885 turns).

Gargoyl the Agent of Entropy (CeAK)                 Turns: 7885, Time: 00:19:19

Health: -1/72      AC: 14    Str: 17    XL:     9   Next: 58%
Magic:  13/13      EV:  0    Int: 14    God:    Lugonu [***...]
Gold:   500        SH: 19    Dex: 10    Spells: 8/8 levels left

rFire    . . .     SeeInvis .   a - +5 hand axe
rCold    . . .     Gourm    .   e - +5 large shield of the Butterfly {Int+3}
rNeg     . . .     Faith    .   A - +0 plate armour
rPois    +         Spirit   .   l - +2 hat
rElec    .         Reflect  .   y - +0 cloak {MR+}
rCorr    .         Harm     .   i - +0 pair of gloves
MR       ++...                  (no barding)
Stlth    ..........             (no amulet)
HPRegen  0.22/turn              f - ring of poison resistance
MPRegen  0.13/turn              s - ring of protection from magic

@: very quick
A: large, hooves 3, deformed body, speed 2, tough skin 3
a: Depart the Abyss, Bend Space, Banish, Renounce Religion


You were on level 8 of the Dungeon.
You worshipped Lugonu.
Lugonu was most pleased with you.
You were hungry.

You visited 1 branch of the dungeon, and saw 8 of its levels.
You visited the Abyss 2 times.

You collected 500 gold pieces.

Inventory:

Hand Weapons
 a - a +5 hand axe (weapon)
Armour
 e - the +5 large shield of the Butterfly (worn) {Int+3}
   (You found it on level 2 of the Abyss)

   It affects your intelligence (+3).
 i - a +0 pair of gloves (worn)
 l - a +2 hat (worn)
 y - a +0 cloak of magic resistance (worn)
 A - a +0 plate armour (worn)
Jewellery
 d - an uncursed ring of protection from fire
 f - a ring of poison resistance (left hand)
 s - a ring of protection from magic (right hand)
 v - an uncursed ring of protection from fire
Wands
 o - a wand of iceblast (2)
 t - a wand of polymorph (9)
 z - a wand of scattershot (6)
Scrolls
 b - a scroll of fog
 h - 5 scrolls of identify
 n - 2 scrolls of fear
 w - a scroll of teleportation
 C - a scroll of remove curse
 D - a scroll of blinking {unknown}
Potions
 g - a potion of degeneration {unknown}
 j - a potion of haste
 k - 6 potions of curing
 m - 2 potions of flight
 p - a potion of brilliance
 q - 3 potions of heal wounds
 r - a potion of agility
 u - a potion of lignification
 x - a potion of magic {unknown}
 B - a potion of mutation {unknown}
Comestibles
 c - 13 rations


   Skills:
 + Level 4.7 Fighting
 + Level 5.6 Axes
 + Level 1.3 Throwing
 * Level 4.6 Armour
 + Level 2.0 Dodging
 * Level 5.8 Shields
 * Level 5.8 Invocations


You had 8 spell levels left.
You didn't know any spells.
Your spell library contained the following spells:

 Spells                   Type           Power        Failure   Level  Hunger
 Magic Dart               Conj           #...         100%        1    ##.....
 Summon Small Mammal      Summ           #...         100%        1    ##.....
 Blink                    Tloc           N/A          100%        2    ###....
 Call Imp                 Summ           #.......     100%        2    ###....
 Slow                     Hex            #.......     100%        2    ###....
 Call Canine Familiar     Summ           #.......     100%        3    ####...
 Conjure Flame            Conj/Fire      #.......     100%        3    ####...
 Mephitic Cloud           Conj/Pois/Air  #.......     100%        3    ####...
 Summon Guardian Golem    Hex/Summ       #.......     100%        3    ####...
 Summon Ice Beast         Ice/Summ       #.......     100%        4    #####..
 Summon Lightning Spire   Summ/Air       #.......     100%        4    #####..


Dungeon Overview and Level Annotations

Branches:
Dungeon (8/15)             Temple (0/1) D:4
   Lair: D:8-11

Altars:
Cheibriados
Dithmenos
Qazlal
Sif Muna
Trog
Wu Jian
Xom

Shops:
D:6 :

Annotations:
D:8 Psyche


Innate Abilities, Weirdness & Mutations

You have hooves in place of feet.
Armour fits poorly on your strangely shaped body.
You cover ground very quickly.
You have extremely tough skin. (AC +3)


Message History

The magic dart hits you. You block something's attack.
You closely miss something. You kick something.
Something hits you but does no damage. Space bends around you.
You block something's attack.
You miss something. Your kick misses something. Something hits you.
Space bends around you. Something hits you but does no damage.
You blink.
Aiming: Iceblast
Press: ? - help, Shift-Dir - straight line The mass of ice explodes!
The iceblast engulfs something!
Unknown command.
You hear some strange, mumbled words.
A puff of flame appears from out of thin air!
The puff of flame hits you but does no damage.
Aiming: Iceblast
Press: ? - help, Shift-Dir - straight line The mass of ice explodes!
The iceblast engulfs something!
The iceblast engulfs you!
* * * LOW HITPOINT WARNING * * *
Something hits you but does no damage. Space warps horribly around you!!
You die...

.##..###.##..# #.### ..
..+..........#☼...○##..
..#..........#.....#..
###.###.###....._....
#.# #.###..#.....# ..
...#...# ...≈ ...
....#...###.#### ..#
#######.####'##.....+
..# #####..##.@...#
...# #.......#.....#
....#
#.......#.....##....#
#.......#.(..........
#.......'†..........#
#.......#....§##....#
#####..##....†##....#
#####............
..............#


There were no monsters in sight!

Vanquished Creatures
  A two-headed ogre (D:5)
  Menkaure (D:7)
  An orc warrior (D:6)
  4 ogres
  3 centaurs
  A big kobold (D:7)
  4 bullfrogs
  2 scorpions
  2 howler monkeys (D:8)
  3 crimson imps
  A bullfrog zombie (D:7)
  A centaur skeleton (D:5)
  3 hounds (D:7)
  4 orc priests
  Crazy Yiuf (D:5)
  5 orc wizards
  2 iguanas
  5 worker ants
  A hound skeleton (D:6)
  10 gnolls
  11 adders
  A shadow imp (D:7)
  An ooze (D:1)
  6 worms
  2 dart slugs
  6 leopard geckos
  20 orcs
  2 ball pythons
  5 giant cockroaches
  11 goblins
  10 hobgoblins
  6 jackals
  3 quokkas
  8 bats
  6 frilled lizards
  12 kobolds
  A quokka zombie (D:6)
  9 rats
175 creatures vanquished.

Vanquished Creatures (others)
  An orc warrior (D:3)
  An orc priest (D:4)
  A lurking horror (Abyss:2)
3 creatures vanquished.

Grand Total: 178 creatures vanquished

Notes
Turn   | Place    | Note
-------+----------+-------------------------------------------
     0 | Abyss:1  | Gargoyl the Centaur Abyssal Knight began the quest for the
                  | Orb.
     0 | Abyss:1  | Reached XP level 1. HP: 19/19 MP: 2/2
    42 | Abyss:1  | Noticed a rakshasa
    82 | Abyss:1  | Noticed a small abomination
   147 | Abyss:1  | Found an ancient bone altar of Kikubaaqudgha.
   284 | Abyss:2  | Got a slimy large shield
   290 | Abyss:2  | Identified the +5 large shield of the Butterfly {Int+3}
                  | (You found it on level 2 of the Abyss)
   317 | Abyss:2  | Noticed a sixfirhy
   334 | Abyss:2  | Noticed a hellwing
   335 | D:1      | Escaped the Abyss
   577 | D:1      | Reached * piety under Lugonu
   588 | D:1      | Reached XP level 2. HP: 26/26 MP: 3/3
   792 | D:1      | Reached XP level 3. HP: 28/31 MP: 4/4
  1445 | D:2      | Found a shadowy altar of Dithmenos.
  1490 | D:2      | Reached ** piety under Lugonu
  1567 | D:2      | Reached XP level 4. HP: 37/38 MP: 5/5
  1706 | D:2      | Reached skill level 1 in Shields
  2059 | D:3      | Reached XP level 5. HP: 39/45 MP: 5/7
  3196 | D:4      | Found a deep blue altar of Sif Muna.
  3196 | D:4      | Found a snail-covered altar of Cheibriados.
  3210 | D:4      | Reached *** piety under Lugonu
  3240 | D:4      | Reached XP level 6. HP: 38/52 MP: 8/8
  3246 | D:4      | Reached skill level 1 in Dodging
  3546 | D:4      | Noticed a moth of wrath
  3549 | D:4      | Found a bloodstained altar of Trog.
  3830 | D:4      | Found a staircase to the Ecumenical Temple.
  4064 | D:4      | Noticed an orc warrior
  4070 | D:4      | Reached XP level 7. HP: 53/58 MP: 9/9
  4926 | D:5      | Entered Level 5 of the Dungeon
  5045 | D:5      | Found a runed translucent door.
  5046 | D:5      | Noticed Crazy Yiuf
  5172 | D:5      | Noticed a two-headed ogre
  5204 | D:5      | Killed a two-headed ogre
  5204 | D:5      | Reached XP level 8. HP: 44/66 MP: 11/11
  5329 | D:5      | Reached skill level 1 in Throwing
  5767 | D:5      | Killed Crazy Yiuf
  5953 | D:6      | Reached skill level 5 in Invocations
  6203 | D:6      | Reached skill level 5 in Shields
  6212 | D:6      | Found Onuat's Book Shoppe.
  6357 | D:6      | Reached skill level 5 in Axes
  6532 | D:6      | Reached XP level 9. HP: 72/72 MP: 12/12
  6905 | D:7      | Reached **** piety under Lugonu
  6917 | D:7      | Found a shimmering altar of Xom.
  7497 | D:7      | Noticed Menkaure
  7503 | D:7      | Killed Menkaure
  7558 | D:7      | Found an ornate altar of the Wu Jian Council.
  7830 | D:8      | Found a stormy altar of Qazlal.
  7849 | D:8      | Noticed Psyche
  7857 | D:8      | Cast into level 2 of the Abyss (Psyche)
  7868 | Abyss:3  | Noticed a hellwing
  7868 | Abyss:3  | Noticed a smoke demon
  7870 | D:8      | Escaped the Abyss
  7885 | D:8      | Slain by Psyche

Skill      XL: |  1  2  3  4  5  6  7  8  9 |
---------------+----------------------------+-----
Axes           | 2 3 4 5 |  5.6
Armour         | 2 3 4 |  4.6
Shields        | 1 2 4 5 |  5.8
Invocations    | 3 4 5 |  5.8
Dodging        | 1 2 |  2.0
Fighting       | 4 |  4.7
Throwing       | 1 |  1.3

Action                   |  1- 3 |  4- 6 |  7- 9 || total
-------------------------+-------+-------+-------++-------
Melee: Hand axe          |   115 |   228 |   272 ||   615
       Kick              |    11 |    49 |    60 ||   120
Throw: Javelin           |       |     4 |    24 ||    28
Invok: Depart the Abyss  |     1 |       |     1 ||     2
       Banish            |       |       |     3 ||     3
       Bend Space        |       |       |     1 ||     1
Evoke: Wand              |       |       |     2 ||     2
  Use: Scroll            |     4 |       |    19 ||    23
       Potion            |       |     1 |     3 ||     4
  Eat: Chunk             |     1 |     8 |     7 ||    16
       Ration            |       |       |     1 ||     1
Armor: Scale mail        |    51 |    72 |    76 ||   199
       Plate armour      |       |       |    22 ||    22
Dodge: Dodged            |     9 |    15 |    33 ||    57
Block: Large shield      |    91 |   193 |   299 ||   583
